 Dungeon Crawl Stone Soup version 0.21.1-1-g345015fe64 (webtiles) character file.

30 DildoBatman the Vexing (level 3, 0/29 HPs)
             Began as a Formicid Enchanter on Apr 2, 2018.
             Slain by a frilled lizard (2 damage)
             ... on level 2 of the Dungeon.
             The game lasted 00:02:36 (1463 turns).

DildoBatman the Vexing (Formicid Enchanter)         Turns: 1463, Time: 00:02:37

Health: 0/29       AC:  4    Str: 13    XL:     3   Next: 37%
Magic:  4/6        EV: 11    Int: 14    God:
Gold:   66         SH:  0    Dex: 11    Spells: 2/6 levels left

rFire    + . .     SeeInvis +   a - +1 dagger
rCold    x . .     Gourm    .   (no shield)
rNeg     . . .     Faith    .   d - +0 leather armour (curse)
rPois    .         Spirit   .   (helmet unavailable)
rElec    .         Reflect  .   s - +0 cloak (curse)
rCorr    .         Harm     .   (no gloves)
MR       .....                  (no boots)
Stlth    ++........             (no amulet)
HPRegen  0.09/turn              i - ring of fire
MPRegen  0.10/turn              (no ring)

@: no status effects
A: permanent stasis, dig shafts and tunnels, four strong arms, antennae 3
a: Dig, Shaft Self


You were on level 2 of the Dungeon.
You were not hungry.

You visited 1 branch of the dungeon, and saw 2 of its levels.

You collected 66 gold pieces.

Inventory:

Hand Weapons
 a - a +1 dagger (weapon)
Missiles
 f - 31 arrows
 m - 23 sling bullets
 n - 3 javelins (quivered)
 q - 3 stones
Armour
 d - a cursed +0 leather armour (worn)
 s - a cursed +0 cloak (worn)
Jewellery
 i - a ring of fire (left hand)
Scrolls
 e - a scroll of identify {unknown}
 j - a scroll of blinking {unknown}
 k - a scroll of remove curse {unknown}
 l - a scroll of enchant armour {unknown}
 p - a scroll of magic mapping {unknown}
 r - a scroll of teleportation {unknown}
Potions
 g - a potion of brilliance {unknown}
 o - 2 potions of cancellation {unknown}
Books
 c - a book of Maledictions

   Spells                             Type                      Level
   a - Corona                         Hexes                        1
   b - Ensorcelled Hibernation        Hexes/Ice                    2
   c - Confuse                        Hexes                        3
   d - Tukima's Dance                 Hexes                        3
   e - Dazzling Spray                 Conjuration/Hexes            3
Comestibles
 h - 3 chunks of flesh
 v - 5 rations


   Skills:
 - Level 3.0 Fighting
 - Level 1.0 Short Blades
 * Level 0.0 Armour
 * Level 1.7 Dodging
 * Level 3.6 Stealth
 - Level 2.1 Spellcasting
 - Level 3.6 Hexes


You had 2 spell levels left.
You knew the following spells:

 Your Spells              Type           Power        Failure   Level  Hunger
a - Corona                Hex            ##.....      7%          1    #......
b - Confuse               Hex            ##......     21%         3    ###....


Dungeon Overview and Level Annotations

Branches:
Dungeon (2/15)

Altars:
The Shining One

Annotations:
D:2 exclusion: worm, Natasha


Innate Abilities, Weirdness & Mutations

You cannot be hasted, slowed, berserked, paralysed or teleported.
You can dig through walls and to a lower floor.
Your four strong arms can wield two-handed weapons with a shield.
You have a pair of large antennae on your head. (SInv)


Message History

You hit the hobgoblin.
You kill the hobgoblin!
The frilled lizard bites you but does no damage.
You closely miss the frilled lizard. The frilled lizard barely misses you.
You completely miss the worm. The worm bites you.
You extend your mandibles.
You dig through the rock wall.
The frilled lizard closely misses you. x2
Found a scroll labeled UDUOPI TUICIU.
You retract your mandibles.
Casting: Corona
Confirm with . or Enter, or press ? or * to list all spells.
Aiming: Corona
Press: ? - help, Shift-Dir - straight line, f/p - worm
Aim: a worm (chance to defeat MR: 55%)
The frilled lizard is outlined in light.
The frilled lizard bites you.
You die...

....... #.# .......
#.# .......######.#
#.g...?...#
#.#.####..####
..............#
#.#.#.####.#...# +.
#...#
#.#...############ #
. ..#
#@#...............
......
#l#........####### #.
.... #.............#
...###w####.....##.#
.........)........#.#
....############..#.#
# .? #######....# #
#.....##.######
#.###.##.#.....


You could see a worm and a frilled lizard.

Vanquished Creatures
  An ooze (D:1)
  2 leopard geckos
  A giant cockroach (D:1)
  3 goblins
  4 hobgoblins
  3 kobolds (D:2)
  A ball python (D:2)
  3 bats
  A frilled lizard (D:2)
  5 rats (D:1)
24 creatures vanquished.

Notes
Turn   | Place    | Note
-------+----------+-------------------------------------------
     0 | D:1      | DildoBatman the Formicid Enchanter began the quest for the Orb.
     0 | D:1      | Reached XP level 1. HP: 13/13 MP: 3/3
    74 | D:1      | Reached skill level 1 in Fighting
   489 | D:1      | Reached XP level 2. HP: 18/21 MP: 5/5
   570 | D:1      | Found a glowing golden altar of the Shining One.
   872 | D:2      | Reached XP level 3. HP: 23/28 MP: 4/6
   877 | D:2      | Learned a level 3 spell: Confuse
   942 | D:2      | Noticed Natasha
  1458 | D:2      | HP: 1/29 [worm (6)]
  1463 | D:2      | Slain by a frilled lizard

Skill      XL: |  1  2  3 |
---------------+----------+-----
Fighting       | 1 2 3 |  3.0
Short Blades   | |  1.0
Dodging        | |  1.7
Stealth        | |  3.6
Spellcasting   | |  2.1
Hexes          | |  3.6

Action                   || total
-------------------------++-------
Melee: Dagger            ||    87
 Cast: Corona            ||    20
 Abil: Dig               ||     1
 Stab: Sleeping          ||     3
  Eat: Chunk             ||     2
Armor: Robe              ||     4
       Leather armour    ||     4
Dodge: Dodged            ||    40
